 Dungeon Crawl Stone Soup version 0.30.1-9-gdf580d7c3d (webtiles) character file.

Game seed: 16016001726950087504

1539424 LordWeiramon the Formicid Barricade (level 27, 251/251 HPs)
             Began as a Formicid Venom Mage on Sept 24, 2023.
             Was the Champion of Ashenzari.
             Escaped with the Orb
             ... and 3 runes on Sept 25, 2023!
             The game lasted 08:40:58 (84438 turns).

LordWeiramon the Formicid Barricade (FoVM)         Turns: 84438, Time: 08:40:58

Health: 251/251    AC: 40    Str: 16    XL:     27
Magic:  10/10      EV: 27    Int: 16    God:    Ashenzari [******]
Gold:   5530       SH: 37    Dex: 24    Spells: 32/40 levels left

rFire   + + .        a - +9 triple sword "Thunder Perfect Mind" {antimagic, Melee, Range} (curse)
rCold   + + +        r - +2 tower shield of Cremastomancy {Self, Cun} (curse)
rNeg    + . .        i - +8 fire dragon scales "Yoke of the Bound God" {rF++ rC-, Evo, Range} (curse)
rPois   +            (helmet unavailable)
rElec   +            X - +0 cloak "I Knew You'd Do That" {rPois, Evo, Melee} (curse)
rCorr   .            M - +3 pair of gauntlets of War {Slay+5, Elem, Bglg} (curse)
SInv    +            z - +0 pair of boots of the Bound Empyrean {Drain Int+4 Stlth+, Range, Evo} (curse)
Will    ++...        L - amulet of the Unveiling Sky {Reflect SH+5, Elem, Evo} (curse)
Stlth   +            D - ring "Circumscribed Dismay" {+Blink rElec rC+++ AC+4 Int-4, Range, Melee} (curse)
HPRegen 0.61/turn    S - ring of the Octopus King {rN+ HP+2 AC+2 EV+2 SH+2, Range, Bglg} (curse)
MPRegen 0.12/turn

%: reflection, clarity
@: no status effects
A: permanent stasis, dig shafts and tunnels, antennae 3, four strong arms,
iridescent scales 1, clarity, cold resistance 1, low MP 1, sturdy frame 1
0: Orb of Zot
}: 3/15 runes: decaying, silver, gossamer
a: Dig, Shaft Self, Renounce Religion, Shatter the Chains


You escaped.
You worshipped Ashenzari.
Ashenzari was exalted by your worship.
You visited 11 branches of the dungeon, and saw 51 of its levels.
You visited the Abyss 1 time.
You also visited: Gauntlet.

You collected 8558 gold pieces.
You spent 3028 gold pieces at shops.

Inventory:

Hand Weapons
 a - the cursed +9 triple sword "Thunder Perfect Mind" (weapon) {antimagic, Melee, Range}
   (You subdued it on level 2 of the Elven Halls)

   It has a curse which improves the following skills: Melee Combat: Short
   Blades, Long Blades, Axes, Maces & Flails, Polearms, Staves and Unarmed
   Combat.
   Ranged Combat: Ranged Weapons and Throwing.
Missiles
 f - 28 javelins
 h - 74 poisoned darts (quivered)
 u - 18 silver javelins
 y - 6 throwing nets
 G - 25 curare-tipped darts
Armour
 i - the cursed +8 fire dragon scales "Yoke of the Bound God" (worn) {rF++ rC-, Evo, Range}
   (You found it on level 12 of the Dungeon)

   rF:        It greatly protects you from fire.
   rC:        It makes you vulnerable to cold.
   It has a curse which improves the following skills: Evocations: Evocations.
   Ranged Combat: Ranged Weapons and Throwing.
 r - the cursed +2 tower shield of Cremastomancy (worn) {Self, Cun}
   (You took it off a daeva on level 2 of the Depths)

   It has a curse which improves the following skills: Introspection: Fighting
   and Spellcasting.
   Cunning:   Dodging and Stealth.
 s - a +2 cloak of willpower
 z - the cursed +0 pair of boots of the Bound Empyrean (worn) {Drain Int+4 Stlth+, Range, Evo}
   (You acquired it on level 13 of the Dungeon)

   Int:       It affects your intelligence (+4).
   Drain:     It drains your maximum health when unequipped.
   Stlth:     It makes you more stealthy.
   It has a curse which improves the following skills: Ranged Combat: Ranged
   Weapons and Throwing.
   Evocations: Evocations.
 M - the cursed +3 pair of gauntlets of War (worn) {Slay+5, Elem, Bglg}
   (You found it on level 4 of the Spider Nest)

   Slay:      It affects your accuracy & damage with ranged weapons and melee
   (+5).
   It has a curse which improves the following skills: Elements: Fire Magic, Ice
   Magic, Air Magic and Earth Magic.
   Beguiling: Conjurations, Hexes and Translocations.
 X - the cursed +0 cloak "I Knew You'd Do That" (worn) {rPois, Evo, Melee}
   (You took it off a draconian scorcher on level 1 of the Realm of Zot)

   It has a curse which improves the following skills: Evocations: Evocations.
   Melee Combat: Short Blades, Long Blades, Axes, Maces & Flails, Polearms,
   Staves and Unarmed Combat.
Jewellery
 D - the cursed ring "Circumscribed Dismay" (left hand) {+Blink rElec rC+++ AC+4 Int-4, Range, Melee}
   (You acquired it on level 15 of the Dungeon)

   [ring of protection]

   AC:        It affects your AC (+4).
   Int:       It affects your intelligence (-4).
   rC:        It renders you almost immune to cold.
   rElec:     It insulates you from electricity.
   +Blink:    It lets you blink.
   It has a curse which improves the following skills: Ranged Combat: Ranged
   Weapons and Throwing.
   Melee Combat: Short Blades, Long Blades, Axes, Maces & Flails, Polearms,
   Staves and Unarmed Combat.
 H - a ring of resist corrosion
 L - the cursed amulet of the Unveiling Sky (around neck) {Reflect SH+5, Elem, Evo}
   (You found it on level 4 of the Lair of Beasts)

   [amulet of reflection]

   It reflects blocked missile attacks.
   SH:        It affects your SH (+5).
   It has a curse which improves the following skills: Elements: Fire Magic, Ice
   Magic, Air Magic and Earth Magic.
   Evocations: Evocations.
 S - a cursed ring of the Octopus King (right hand) {rN+ HP+2 AC+2 EV+2 SH+2, Range, Bglg}
   (You took it off a deep elf demonologist on level 3 of the Elven Halls)

   [ring of positive energy]

   AC:        It affects your AC (+2).
   EV:        It affects your evasion (+2).
   rN:        It protects you from negative energy.
   HP:        It affects your health (+2).
   SH:        It affects your SH (+2).
   It has a curse which improves the following skills: Ranged Combat: Ranged
   Weapons and Throwing.
   Beguiling: Conjurations, Hexes and Translocations.
 W - a ring of poison resistance
Wands
 k - a wand of mindburst (30)
 q - a wand of polymorph (16)
 t - a wand of roots (31)
 F - a wand of digging (14)
 I - a wand of flame (141)
 K - a wand of charming (64)
 N - a wand of light (7)
Scrolls
 b - a scroll of enchant armour
 c - 9 scrolls of butterflies
 d - 13 scrolls of fear
 l - 7 scrolls of poison
 w - 4 scrolls of fog
 A - 4 scrolls of magic mapping
 B - 7 scrolls of silence
 V - 8 scrolls of amnesia
Potions
 e - 7 potions of magic
 j - 10 potions of flight
 m - 10 potions of brilliance
 n - 11 potions of curing
 o - a potion of heal wounds
 v - 4 potions of cancellation
 x - 10 potions of ambrosia
 C - 13 potions of attraction
 E - 5 potions of mutation
 J - 4 potions of might
 T - 3 potions of invisibility
Miscellaneous
 g - a tin of tremorstones (2/2)
 P - a box of beasts
 Q - a lightning rod (4/4)
 R - a phial of floods
 U - a phantom mirror


   Skills:
 - Level 25.0(27) Fighting
 - Level 22.9(27) Long Blades
 - Level 11.0(17.6) Throwing
 + Level 20.8 Armour
 - Level 16.9(19.2) Dodging
 - Level 2.4(4.3) Stealth
 O Level 27 Shields
 - Level 5.0(7.4) Spellcasting
 - Level 2.0(4.6) Conjurations
 - Level 13.4(16.9) Hexes
 - Level 3.2 Transmutations
 - Level 7.0(10.6) Air Magic
 - Level 5.0 Poison Magic
 - Level 7.3(12.9) Evocations


You had 32 spell levels left.
You knew the following spells:

 Your Spells              Type           Power      Damage    Failure   Level
c - Mephitic Cloud        Conj/Pois/Air  27%        N/A       4%          3
s - Silence               Hex/Air        25%        N/A       1%          5

Your spell library contained the following spells:

 Spells                   Type           Power      Damage    Failure   Level
 Shock                    Conj/Air       100%       1d9       1%          1
 Poisonous Vapours        Pois/Air       60%        N/A       1%          2
 Static Discharge         Conj/Air       60%        2-5/arc   1%          2
 Confusing Touch          Hex            57%        N/A       1%          3
 Dazzling Flash           Conj/Hex       80%        N/A       1%          3
 Inner Flame              Hex/Fire       33%        N/A       1%          3
 Summon Guardian Golem    Hex/Summ       33%        N/A       1%          3
 Cause Fear               Hex            28%        N/A       1%          4
 Sting                    Tmut/Pois      76%        1d6       4%          1
 Beastly Appendage        Tmut           32%        N/A       5%          1
 Foxfire                  Conj/Fire      56%        2x1d6     8%          1
 Kiss of Death            Conj/Necr      52%        2d9       9%          1
 Wereblood                Tmut           16%        N/A       9%          2
 Yara's Violent Unravell  Hex/Tmut       19%        3d9       10%         5
 Momentum Strike          Conj/Tloc      28%        3d8       12%         2
 Spider Form              Tmut/Pois      19%        N/A       12%         3
 Enfeeble                 Hex            28%        N/A       17%         7
 Ignite Poison            Fire/Tmut/Pois 15%        N/A       19%         3
 Summon Small Mammal      Summ           20%        N/A       22%         1
 Lesser Beckoning         Tloc           14%        N/A       26%         2
 Scorch                   Fire           14%        2d5       26%         2
 Olgreb's Toxic Radiance  Pois           21%        N/A       26%         4
 Arcjolt                  Conj/Air       15%        1d25      26%         5
 Sublimation of Blood     Necr           5%         N/A       32%         2
 Frozen Ramparts          Ice            14%        1d3       45%         3
 Gell's Gravitas          Tloc           7%         N/A       45%         3
 Teleport Other           Tloc           7%         N/A       45%         3
 Call Canine Familiar     Summ           5%         N/A       54%         3
 Freezing Cloud           Conj/Ice/Air   11%        6-21      56%         5
 Flame Wave               Conj/Fire      14%        2d6       58%         4
 Sticky Flame             Conj/Fire      14%        2d4       58%         4
 Ice Form                 Ice/Tmut       11%        N/A       69%         4
 Blade Hands              Tmut           8%         N/A       83%         5
 Manifold Assault         Tloc           7%         N/A       86%         4
 Passage of Golubria      Tloc           7%         N/A       86%         4
 Summon Ice Beast         Ice/Summ       6%         N/A       88%         4
 Fireball                 Conj/Fire      7%         3d5       90%         5
 Animate Dead             Necr           5%         N/A       91%         4
 Dispel Undead            Necr           5%         3d7       91%         4
 Plasma Beam              Fire/Air       11%        2x1d24    97%         6
 Agony                    Necr           5%         N/A       99%         5
 Lee's Rapid Deconstruct  Erth           3%         3d5*      99%         5
 Summon Forest            Summ/Tloc      3%         N/A       99%         5
 Eringya's Noxious Bog    Tmut/Pois      9%         N/A       99%         6
 Dispersal                Tloc           3%         N/A       100%        6
 Simulacrum               Ice/Necr       3%         N/A       100%        6
 Starburst                Conj/Fire      7%         6d4       100%        6
 Summon Cactus Giant      Summ           2%         N/A       100%        6
 Dragon Form              Tmut           8%         N/A       100%        7
 Haunt                    Necr/Summ      2%         N/A       100%        7
 Malign Gateway           Summ/Tloc      3%         N/A       100%        7
 Ozocubu's Refrigeration  Ice            3%         4d8       100%        7
 Storm Form               Tmut/Air       14%        N/A       100%        7
 Summon Hydra             Summ           2%         N/A       100%        7
 Disjunction              Tloc           3%         N/A       100%        8
 Ignition                 Fire           3%         3d4       100%        8
 Infestation              Necr           2%         N/A       100%        8
 Maxwell's Capacitive Co  Air            20%        ∞         100%        8
 Summon Horrible Things   Summ           2%         N/A       100%        8
 Dragon's Call            Summ           2%         N/A       100%        9
 Polar Vortex             Ice            3%         N/A       100%        9
 Vhi's Electric Charge    Tloc/Air       Unusable   N/A       N/A         3
 Blink                    Tloc           Unusable   N/A       N/A         2

Dungeon Overview and Level Annotations

Branches:
Dungeon (15/15)            Temple (1/1) D:5            Lair (5/5) D:8
  Swamp (4/4) Lair:2       Spider (4/4) Lair:2        Slime (0/5) Lair:4
    Orc (2/2) D:11            Elf (3/3) Orc:2        Vaults (5/5) D:13
  Crypt (3/3) Vaults:3       Tomb (0/3) Crypt:3      Depths (4/4) D:15
    Zot (5/5) Depths:4    Gauntlet (visited)

Altars:
Ashenzari
Cheibriados
Dithmenos
Elyvilon
Fedhas
Gozag
Hepliaklqana
Kikubaaqudgha
Makhleb
Nemelex Xobeh
Okawaru
Qazlal
Ru
Sif Muna
Trog
Uskayaw
Vehumet
Wu Jian
Xom
Yredelemnul
Zin
The Shining One
Jiyva

Shops:
D:9 :   D:13 [   Orc:2 ***?*   Elf:1 ([?[:!*   Elf:2 [   Elf:3 (   Vaults:1 [

Portals:
Hell: Depths:1 Depths:2 Depths:3 Depths:4
Abyss: Depths:3
Pandemonium: Depths:2
Ziggurat: Depths:2


Innate Abilities, Weirdness & Mutations

You cannot be hasted, slowed, berserked, paralysed or teleported.
You can dig through walls and to a lower floor.
You have a pair of large antennae on your head. (SInv)
Your four strong arms can wield two-handed weapons with a shield.
You are partially covered in iridescent scales. (AC +2)
You possess an exceptional clarity of mind.
Your flesh is cold resistant. (rC+)
Your magical capacity is low. (-10% MP)
Your movements are slightly less encumbered by armour. (ER -2)


Message History

(V) Vaults (C) Crypt (W) Tomb (U) Depths (H) Hell (Z) Zot
Where to? (Enter - D:1, ? - help)
There is a stone staircase leading up, spattered with blood here.
You climb upwards.
There is a stone staircase leading down here.
The kobold brigand shouts!
The kobold brigand misses you. You block the kobold brigand's attack.
The kobold brigand completely misses you.
There is a stone staircase leading up here.
You open the kobold brigand like a pillowcase!!!
You kill the kobold brigand!
(D) Dungeon (T) Temple (L) Lair (S) Swamp (N) Spider Nest (M) Slime Pits (O) Orcish Mines (E) Elven Halls (V) Vaults (C) Crypt (W) Tomb (U) Depths (H) Hell (Z) Zot
Where to? (Enter - D:1, ? - help)
You climb upwards.
There is a stone staircase leading down here.
There is a stone staircase leading up here.
You climb upwards.
There is a stone staircase leading down here.
There is a stone staircase leading up here.
You climb upwards.
There is a stone staircase leading down here.
Things that are here:
a +0 robe; a +0 scythe
There is a stone staircase leading up here.
You climb upwards.
There is a stone staircase leading down, spattered with blood here.
There is a stone staircase leading up here.
You climb upwards.
There is a stone staircase leading down here.
There is an open door here.
There is a stone staircase leading up here.
You climb upwards.
There is a stone staircase leading down here.
There is a staircase leading out of the dungeon here.
You have escaped!

#>..........#
#.#########.#
#######...........##
#P.............P#..##
#~P...........P~#...####
#~~P.........P~~#.#....#
#≈≈~P.......P~~≈#.####.##
#≈≈~≈P.....P~≈≈≈#.# #...
#≈≈≈~~P.@.P~~≈≈≈#.# #...
#≈≈~~P.....P~≈≈≈#.# ##..
#≈~≈P.......P≈≈≈#.# #..
#~~P.........P≈≈#.## #..
#~P...........P~#..## ###
#P.............P##..#
########.##########.#
#..########..#
#.........†(##


There were no monsters in sight!

Vanquished Creatures
  4 dread liches
  Mara (Elf:3)
  5 ancient liches (Zot:5)
  6 orbs of fire
  Mennas (Depths:2)
  A juggernaut (Depths:4)
  Sojobo (Vaults:2)
  4 Killer Klowns
  Frederick (Vaults:4)
  Saint Roka (Elf:3)
  Margery (Vaults:2)
  2 curse toes (Zot:4)
  8 caustic shrikes (Depths:4)
  Xtahua (Crypt:1)
  7 golden dragons
  Jory (Depths:4)
  3 doom hounds (Crypt:2)
  2 spectral shard shrikes (Crypt:3)
  2 Brimstone Fiends
  Arachne (Spider:4)
  2 electric golems (Zot:5)
  The ghost of Zeor the Crack Shot, an adept MiHu of Zin (Elf:3)
  9 tentacled monstrosities
  Jorgrun (Swamp:1)
  A Hell Sentinel (Depths:3)
  Mlioglotl (Spider:1)
  26 Orb Guardians
  4 deep elf blademasters
  7 titans
  7 acid blobs (Zot:1)
  3 liches
  5 quicksilver dragons
  Grunn (Crypt:2)
  2 deep elf master archers (Elf:3)
  Asterion (Depths:1)
  7 death cobs
  3 sphinxes
  Kirke (D:12)
  An ancient champion (Crypt:2)
  Gastronok (Lair:3)
  A thorn hunter (Swamp:1)
  5 draconian monks
  20 storm dragons
  4 tengu reavers
  4 revenants (Crypt:3)
  9 draconian knights
  6 fire giants
  12 shadow dragons
  6 frost giants
  3 daevas (Depths:2)
  An iron dragon (Depths:3)
  2 draconian scorchers
  17 vault wardens
  2 emperor scorpions
  4 orc warlords
  The ghost of IHitMyHead the Peltast, a journeyman MiFi of Cheibriados (Vaults:1)
  8 deep elf sorcerers
  3 angels (Depths:2)
  4 curse skulls
  9 draconian shifters
  4 deep elf elementalists (Elf:3)
  12 ghost moths
  3 ghouls
  3 spriggan defenders
  6 draconian stormcallers
  Aizul (Vaults:4)
  18 ironbound preservers
  A cacodemon (Gauntlet)
  7 draconian annihilators
  18 stone giants
  21 very ugly things
  A reaper (Crypt:3)
  A stone giant (shapeshifter) (Depths:3)
  5 deep elf demonologists (Elf:3)
  4 war gargoyles
  14 black draconians
  5 ironbound thunderhulks
  5 broodmothers
  11 green draconians
  5 lorocyprocas
  A bunyip (Swamp:1)
  The ghost of monsoonserge the Grappler, a journeyman TrFi of Wu Jian (D:12)
  21 purple draconians
  10 vampire knights
  5 white draconians
  8 spark wasps
  Azrael (D:13)
  6 eleionomae
  A minotaur (Gauntlet)
  16 red draconians
  24 yellow draconians
  The ghost of SirLogeyBear the Severer, a journeyman HOBe of Trog (D:12)
  7 dire elephants (Vaults:2)
  4 deep elf annihilators
  2 spectral quicksilver dragons (Crypt:3)
  8 deep elf death magi
  Snorg (D:12)
  13 eidola
  8 fire dragons
  2 merfolk impalers (Depths:4)
  A crystal guardian (Vaults:4)
  7 entropy weavers
  12 jiangshi
  15 ettins
  2 merfolk javelineers (Depths:4)
  5 great orbs of eyes
  2 shambling mangroves
  20 yaktaur captains
  8 deep elf high priests
  A spriggan zombie (Crypt:1)
  3 spectral spriggans (Crypt:3)
  The ghost of Cheops the Summoner, a journeyman DrSu of the Shining One (D:12)
  4 ice dragons
  29 vault guards
  4 rakshasas
  A spectral shadow dragon (Crypt:3)
  5 spriggan air magi
  An ice dragon (shapeshifter) (Depths:4)
  23 hydras
  2 peacekeepers (Vaults:4)
  A hell beast (Zot:5)
  4 ironbound frosthearts
  A jorogumo (Spider:3)
  4 ghost crabs
  7 radroaches
  An Orb Guardian zombie (Crypt:3)
  8 boulder beetles
  2 ogre magi
  An alligator (shapeshifter) (Vaults:5)
  A spectral draconian (Crypt:3)
  Erica (D:9)
  A catoblepas (D:14)
  7 centaur warriors
  16 alligators
  2 death knights
  22 dancing weapons
  A fenstrider witch skeleton (Crypt:2)
  11 tengu warriors
  4 deep troll shamans
  4 two-headed ogres
  A death scarab (Gauntlet)
  Urug (D:11)
  A death yak (Lair:4)
  4 deep troll earth magi
  A hell hog (Abyss:4)
  8 vampire magi
  Sonja (Lair:2)
  2 spectral storm dragons (Crypt:3)
  3 soul eaters
  3 orc high priests
  5 spriggan berserkers
  An emperor scorpion zombie (Crypt:1)
  2 storm dragon zombies
  A wretched star (Abyss:4)
  The ghost of Taurus the Cleaver, a novice MiFi of the Shining One (D:8)
  A sun demon (D:10)
  A sixfirhy (Abyss:4)
  19 deep elf knights
  11 hell knights
  9 skeletal warriors
  2 skysharks (Lair:3)
  4 pharaoh ants
  A skyshark (shapeshifter) (Vaults:5)
  A death drake (Swamp:1)
  The ghost of turdburglar the Summoner, a novice GnSu of Cheibriados (D:8)
  A goliath frog (Swamp:3)
  3 iron trolls
  A sea snake (shapeshifter) (Vaults:5)
  6 shadow wraiths
  6 cherubim (Depths:2)
  A sun moth (Spider:3)
  A spectral catoblepas (Crypt:3)
  A spectral bunyip (Crypt:3)
  2 spectral anacondas (Crypt:3)
  3 spriggan druids
  8 swamp dragons
  46 deep trolls
  A spectral hydra (Gauntlet)
  A spriggan simulacrum (Crypt:1)
  7 orb spiders
  5 bog bodies
  A starcursed mass (Abyss:3)
  7 necromancers
  12 flayed ghosts
  12 steelbarb worms
  An orange crystal statue (Zot:5)
  6 orc knights
  8 wizards
  Pikel (D:9)
  6 harpies
  2 golden dragon skeletons
  10 phantasmal warriors
  9 orc sorcerers
  21 ironbound convokers
  7 lindwurms (Vaults:2)
  10 deep elf archers
  24 deep elf zephyrmancers
  2 tengu skeletons
  32 ugly things
  24 deep elf pyromancers
  2 oklob plants (Zot:1)
  4 cyclopes
  An iron dragon zombie (Vaults:5)
  4 manticores
  6 will-o-the-wisps
  2 shadow dragon skeletons
  A manticore (shapeshifter) (Elf:2)
  20 wolf spiders
  A jorogumo skeleton (Crypt:3)
  2 worldbinders (Abyss:3)
  30 moths of wrath
  A spectral ettin (Crypt:3)
  A water nymph (Abyss:3)
  A spectral alligator snapping turtle (Crypt:3)
  4 spectral centaurs (Crypt:3)
  An eleionoma skeleton (Crypt:2)
  5 torpor snails
  3 smoke demons (Abyss:4)
  21 vault sentinels
  Joseph (D:9)
  12 elephants
  7 black mambas
  A guardian serpent (Lair:5)
  2 orange demons (Depths:2)
  A rust devil (Depths:2)
  2 spectral iron trolls (Crypt:3)
  3 gargoyles
  An apocalypse crab (Abyss:4)
  A water nymph (shapeshifter) (D:15)
  15 cane toads
  A yellow draconian zombie (Crypt:2)
  6 demonic crawlers
  A rime drake (Lair:1)
  6 human zombies
  16 freezing wraiths
  A white draconian zombie (Crypt:1)
  4 komodo dragons
  33 yaktaurs
  3 kobold demonologists
  3 unseen horrors
  A tormentor (Abyss:4)
  3 tengu conjurers
  An ice devil (Depths:2)
  3 spectral deep trolls (Crypt:3)
  A purple draconian skeleton (Crypt:3)
  A guardian mummy (Crypt:1)
  A golden dragon simulacrum (Crypt:3)
  2 spectral nagas (Crypt:3)
  A white draconian skeleton (Crypt:2)
  2 ancient zymes (Abyss:4)
  A polar bear (Lair:4)
  A spectral harpy (Crypt:3)
  A harpy zombie (Crypt:1)
  2 hellwings
  3 bloated husks
  7 trolls
  6 tyrant leeches
  A queen bee (Lair:2)
  16 tarantellas
  19 hornets
  8 raiju (Abyss:4)
  2 raiju (shapeshifter)
  Grinder (D:3)
  20 blink frogs
  10 dream sheep
  A human simulacrum (Vaults:5)
  A dream sheep (shapeshifter) (Elf:3)
  21 jumping spiders
  An ettin zombie (Crypt:1)
  4 air elementals
  Sigmund (D:4)
  16 flying skulls
  2 shadows
  18 culicivoras
  30 slime creatures
  4 vampires (D:14)
  14 spriggans
  The ghost of bairyn the Sneak, an amateur SpRe (D:3)
  A small abomination (Abyss:4)
  3 fire bats (Depths:2)
  12 wraiths
  21 wyverns
  22 yaks
  5 basilisks
  23 water elementals
  7 hogs (D:12)
  12 vampire mosquitoes
  2 chaos spawn
  4 fire elementals
  A neqoxec (Gauntlet)
  A black mamba skeleton (Crypt:1)
  A steam dragon (D:8)
  A redback (shapeshifter) (Vaults:5)
  64 redbacks
  An acid dragon (shapeshifter) (D:13)
  14 swamp worms
  2 wargs
  A hell hound (D:13)
  A floating eye (Depths:4)
  3 acid dragons
  7 large abominations (Abyss:4)
  16 water moccasins
  9 swamp drakes
  32 orc warriors
  3 black bears
  An ice beast (D:7)
  A cane toad skeleton (Crypt:1)
  12 ogres
  15 wolves
  15 centaurs
  A torpor snail zombie (Crypt:3)
  2 lemures
  2 phantoms (D:14)
  A vine stalker zombie (Crypt:3)
  5 kobold brigands
  7 bullfrogs
  3 gnoll sergeants
  A necrophage (Crypt:3)
  6 earth elementals
  An elf skeleton (Crypt:2)
  A komodo dragon skeleton (Crypt:1)
  3 scorpions
  A cyclops skeleton (Crypt:1)
  8 wights
  A hornet simulacrum (D:14)
  A water moccasin skeleton (Crypt:3)
  32 killer bees
  4 howler monkeys
  5 electric eels
  A wolf skeleton (Crypt:3)
  A centaur skeleton (Crypt:1)
  20 orc priests
  24 jellies
  3 gnoll boudas
  5 hounds
  Crazy Yiuf (D:7)
  Jessica (D:3)
  A sleepcap (D:7)
  5 human skeletons (Crypt:1)
  3 iguanas
  33 orc wizards
  6 hell rats
  An ogre zombie (Crypt:1)
  A deep dwarf zombie (Crypt:1)
  A mummy (Crypt:1)
  4 adders
  A river rat (Lair:2)
  18 gnolls
  2 shadow imps
  A swamp drake skeleton (Crypt:3)
  A white imp (D:7)
  2 ufetubi
  2 dart slugs
  75 orcs
  11 ball pythons
  8 endoplasms
  A giant cockroach (D:3)
  7 goblins
  11 hobgoblins
  17 kobolds
  3 quokkas
  A ball python zombie (Crypt:1)
  11 bats
  A dart slug zombie (Crypt:2)
  An endoplasm zombie (Crypt:2)
  A gnoll skeleton (Crypt:2)
  A kobold zombie (Crypt:1)
  7 rats
  A butterfly (Lair:1)
  A lurking horror (Abyss:4)
2313 creatures vanquished.

Vanquished Creatures (collateral kills)
  the Lernaean hydra (Swamp:4)
  An eleionoma (Swamp:1)
  A fire dragon (D:12)
  A hydra (Swamp:1)
  An alligator (Swamp:1)
  A spriggan druid (Swamp:1)
  A goliath frog (Swamp:1)
  2 yaktaurs (Vaults:2)
  A water moccasin (Lair:5)
  A swamp drake (Swamp:1)
  A gnoll (D:9)
  An orc (D:9)
13 creatures vanquished.

Vanquished Creatures (others)
  A centaur warrior (D:13)
  A deep elf knight (Elf:2)
  2 deep elf pyromancers
  A bloated husk (Swamp:3)
  A swamp worm (Swamp:1)
  A centaur (D:9)
  A gnoll (D:7)
  26 foxfires
34 creatures vanquished.

Grand Total: 2360 creatures vanquished

Notes
Turn   | Place    | Note
-------+----------+-------------------------------------------
     0 | D:1      | LordWeiramon the Formicid Venom Mage began the quest for
                  | the Orb.
     0 | D:1      | Reached XP level 1. HP: 13/13 MP: 3/3
   296 | D:1      | Found a faded altar of an unknown god.
   384 | D:1      | Reached XP level 2. HP: 19/19 MP: 1/5
   387 | D:1      | Learned a level 2 spell: Poisonous Vapours
   946 | D:1      | Reached XP level 3. HP: 24/24 MP: 4/6
   977 | D:1      | Learned a level 3 spell: Mephitic Cloud
  1174 | D:1      | Reached skill level 5 in Poison Magic
  1624 | D:2      | Found a bloodstained altar of Trog.
  2678 | D:3      | Reached XP level 4. HP: 30/30 MP: 3/7
  2714 | D:3      | You fall into a shaft and drop 3 floors!
  2811 | D:6      | Reached XP level 5. HP: 35/35 MP: 8/10
  2993 | D:5      | Entered Level 5 of the Dungeon
  3190 | D:3      | Noticed Jessica
  3218 | D:3      | Killed Jessica
  3483 | D:3      | Found an opulent altar of Gozag.
  3623 | D:3      | Found a sparkling altar of Nemelex Xobeh.
  3623 | D:3      | Found a glowing silver altar of Zin.
  3727 | D:3      | Noticed Sigmund
  3729 | D:3      | Noticed Grinder
  3825 | D:3      | Found a runed translucent gate.
  3825 | D:3      | Found a runed translucent gate.
  3825 | D:3      | Found a runed translucent gate.
  3825 | D:3      | Noticed bairyn's ghost (amateur SpRe)
  3868 | D:4      | Noticed a black bear
  3899 | D:4      | Noticed an ogre
  3910 | D:4      | Killed an ogre
  3911 | D:4      | Reached XP level 6. HP: 46/46 MP: 1/12
  4059 | D:4      | Killed a black bear
  4158 | D:4      | Noticed an ogre
  4184 | D:4      | Killed an ogre
  4185 | D:4      | Reached XP level 7. HP: 54/54 MP: 1/13
  4602 | D:3      | Found a hide-covered altar of Uskayaw.
  5146 | D:4      | Killed Sigmund
  5147 | D:4      | Reached skill level 5 in Long Blades
  5147 | D:4      | Reached XP level 8. HP: 40/60 MP: 4/14
  5219 | D:3      | Found a shimmering altar of Xom.
  6171 | D:5      | Found a staircase to the Ecumenical Temple.
  6180 | Temple   | Entered the Ecumenical Temple
  6350 | Temple   | Became a worshipper of Ashenzari the Shackled
  6733 | D:5      | Found a burning altar of Makhleb.
  7836 | D:7      | Found a runed translucent door.
  7837 | D:7      | Noticed Crazy Yiuf
  8012 | D:7      | You fall into a shaft and drop 2 floors!
  8175 | D:9      | Found an iron altar of Okawaru.
  8218 | D:9      | Noticed Joseph
  8309 | D:9      | Killed Joseph
  8310 | D:9      | Reached XP level 9. HP: 46/65 MP: 2/15
  8451 | D:8      | Reached * piety under Ashenzari
  8624 | D:7      | Reached skill level 3 in Shields
  8666 | D:7      | Identified the +4 dagger "Ohaasad" {heavy, rPois MP+9 Str-4
                  | SInv}
  9418 | D:7      | Reached ** piety under Ashenzari
  9567 | D:3      | Killed Grinder
  9637 | D:3      | Found a shimmering blue altar of Sif Muna.
  9637 | D:3      | Identified Sif Muna's Folio of Adjuration
  9638 | D:3      | Identified Sif Muna's Annotations on Outbursts
  9639 | D:3      | Identified Sif Muna's Folio of the Black Widow
 10002 | D:8      | Found a sacrificial altar of Ru.
 10192 | D:8      | Found a staircase to the Lair.
 10272 | D:8      | Reached skill level 4 in Shields
 10449 | D:8      | Reached skill level 5 in Fighting
 10449 | D:8      | Reached XP level 10. HP: 62/74 MP: 16/16
 10823 | D:7      | Killed Crazy Yiuf
 10831 | D:7      | Reached *** piety under Ashenzari
 11006 | D:8      | Found a runed translucent gate.
 11007 | D:8      | Found a runed translucent gate.
 11007 | D:8      | Found a runed translucent gate.
 11008 | D:8      | Noticed Taurus's ghost (novice MiFi)
 11008 | D:8      | Noticed turdburglar's ghost (novice GnSu)
 11066 | D:8      | Reached skill level 1 in Throwing
 11227 | D:8      | Found an ornate altar of the Wu Jian Council.
 11476 | D:9      | Noticed a two-headed ogre
 11476 | D:9      | Found a blossoming altar of Fedhas.
 11600 | D:9      | Noticed a two-headed ogre
 11608 | D:9      | Killed a two-headed ogre
 11609 | D:9      | Reached skill level 10 in Long Blades
 11828 | D:9      | Noticed Pikel
 11918 | D:9      | Killed Pikel
 12349 | D:9      | Found Juizeer's Tremendous Tomes.
 12415 | D:9      | Killed a two-headed ogre
 12416 | D:9      | Reached skill level 1 in Air Magic
 12523 | D:9      | Noticed Erica
 12529 | D:9      | Killed Erica
 12530 | D:9      | Reached skill level 5 in Throwing
 12530 | D:9      | Reached XP level 11. HP: 78/79 MP: 17/17
 12707 | D:10     | Entered Level 10 of the Dungeon
 12785 | D:10     | Noticed a two-headed ogre
 13298 | D:10     | Killed a two-headed ogre
 13299 | D:10     | Reached skill level 5 in Dodging
 13375 | D:10     | Found a glowing golden altar of the Shining One.
 13521 | D:10     | Found a bloodstained altar of Trog.
 14402 | D:3      | Killed bairyn's ghost
 14716 | D:10     | Noticed a two-headed ogre
 14796 | D:10     | Killed a two-headed ogre
 14999 | Lair:1   | Entered Level 1 of the Lair of Beasts
 15327 | Lair:1   | Reached **** piety under Ashenzari
 15474 | Lair:1   | Noticed a four-headed hydra
 15482 | Lair:1   | Killed a one-headed hydra
 16643 | Lair:2   | Reached XP level 12. HP: 93/93 MP: 15/21
 17020 | Lair:2   | Found a staircase to the Swamp.
 17397 | Lair:2   | Noticed Sonja
 17407 | Lair:2   | Killed Sonja
 17676 | Lair:2   | Reached skill level 10 in Dodging
 18250 | Lair:2   | Found a hole to the Spider Nest.
 18379 | Lair:2   | Noticed an eight-headed hydra
 18782 | Lair:2   | Killed a two-headed hydra
 19161 | Lair:3   | Noticed Gastronok
 19367 | Lair:3   | Noticed a skyshark
 19414 | Lair:3   | Reached skill level 5 in Spellcasting
 19846 | Lair:3   | Reached XP level 13. HP: 99/101 MP: 23/23
 20028 | Lair:3   | Killed Gastronok
 20277 | Lair:3   | Reached skill level 5 in Armour
 20987 | Lair:4   | Found a viscous altar of Jiyva.
 20987 | Lair:4   | Found a staircase to the Slime Pits.
 21232 | Lair:4   | Reached ***** piety under Ashenzari
 21858 | Lair:4   | Learned a level 5 spell: Silence
 22175 | Lair:4   | Reached skill level 1 in Hexes
 22321 | Lair:5   | Entered Level 5 of the Lair of Beasts
 22470 | Lair:4   | Reached skill level 5 in Shields
 22637 | Lair:5   | Reached skill level 6 in Shields
 22845 | Lair:4   | Reached skill level 7 in Shields
 23141 | Lair:5   | Reached skill level 8 in Shields
 23362 | Lair:5   | Reached skill level 9 in Shields
 23599 | Lair:5   | Reached XP level 14. HP: 109/109 MP: 21/24
 23626 | Lair:5   | Reached skill level 10 in Shields
 23666 | Lair:5   | Reached skill level 11 in Shields
 26450 | D:8      | Killed turdburglar's ghost
 26531 | D:8      | Killed Taurus's ghost
 26956 | D:11     | Found an iron altar of Okawaru.
 26957 | D:11     | Found a staircase to the Orcish Mines.
 27152 | D:11     | Noticed Urug
 27169 | D:11     | Killed Urug
 27561 | D:12     | Reached skill level 10 in Fighting
 27561 | D:12     | Reached XP level 15. HP: 107/121 MP: 25/25
 27643 | D:12     | Found a runed translucent gate.
 27643 | D:12     | Found a runed translucent gate.
 27643 | D:12     | Found a runed translucent gate.
 27648 | D:12     | Noticed SirLogeyBear's ghost (journeyman HOBe)
 27648 | D:12     | Noticed monsoonserge's ghost (journeyman TrFi)
 27648 | D:12     | Noticed Cheops's ghost (journeyman DrSu)
 28025 | D:12     | Noticed Snorg
 28196 | D:12     | Reached skill level 5 in Evocations
 28477 | D:12     | Killed Snorg
 28806 | D:12     | Noticed Kirke
 28852 | D:12     | Killed Kirke
 29499 | D:13     | Noticed Azrael
 29869 | D:13     | Found Zekhum's Armour Shoppe.
 30012 | D:13     | Identified a scroll of acquirement
 30020 | D:13     | Acquired the +0 pair of boots of Ashenzari, Forging {Drain
                  | Int+4 Stlth+}
 30073 | D:13     | Found a gate to the Vaults.
 30418 | D:14     | Found a gate leading to a gauntlet.
 30426 | Gauntlet | Entered a Gauntlet
 30426 | Gauntlet | Found a transporter.
 30432 | Gauntlet | Found a transporter.
 30435 | Gauntlet | Found a transporter.
 30440 | Gauntlet | Found a transporter.
 30446 | Gauntlet | Found a transporter.
 30451 | Gauntlet | Found a transporter.
 30455 | Gauntlet | Found a transporter.
 30462 | Gauntlet | Found a transporter.
 30467 | Gauntlet | Found a transporter.
 30472 | Gauntlet | Noticed a cacodemon
 30472 | Gauntlet | Found a transporter.
 30482 | Gauntlet | Found a transporter.
 30483 | Gauntlet | Found a transporter.
 30488 | Gauntlet | Found a transporter.
 30495 | Gauntlet | Found a transporter.
 30741 | Gauntlet | Gained mutation: You are agile. (Dex +4, Str/Int -1) [a
                  | neqoxec]
 30746 | Gauntlet | Gained mutation: You are frail. (-10% HP) [a cacodemon]
 30753 | Gauntlet | Killed a cacodemon
 32155 | D:13     | Killed Azrael
 32271 | D:15     | Entered Level 15 of the Dungeon
 32282 | D:15     | Reached skill level 10 in Armour
 32282 | D:15     | Reached XP level 16. HP: 110/110 MP: 23/23
 33222 | D:15     | Acquired the ring "Voamp" {+Blink rElec rC+++ AC+4 Int-4}
 33244 | D:15     | Found a staircase to the Depths.
 33555 | Orc:1    | Entered Level 1 of the Orcish Mines
 33871 | Orc:2    | Entered Level 2 of the Orcish Mines
 33871 | Orc:2    | Found a shimmering altar of Xom.
 34557 | Orc:2    | Found a staircase to the Elven Halls.
 34662 | Orc:2    | Found Gees's CLEARANCE SALE!.
 34667 | Orc:2    | Bought a wand of flame (14) for 58 gold pieces
 35395 | Orc:2    | Found Oqo Jeol's General Store.
 35395 | Orc:2    | Found Buqosine's Assorted Antiques.
 35396 | Orc:2    | Found Lepusa's Magic Scroll Emporium.
 35400 | Orc:2    | Found Ostruwuu's General Store.
 35403 | Orc:2    | Bought a wand of roots (6) for 201 gold pieces
 35403 | Orc:2    | Bought a throwing net for 42 gold pieces
 35404 | Orc:2    | Bought a potion of resistance for 330 gold pieces
 35405 | Orc:2    | Bought a scroll of butterflies for 68 gold pieces
 35405 | Orc:2    | Bought a scroll of brand weapon for 161 gold pieces
 35406 | Orc:2    | Bought a phial of floods for 640 gold pieces
 35408 | Orc:2    | Bought a wand of light (3) for 415 gold pieces
 35760 | Swamp:1  | Entered Level 1 of the Swamp
 35851 | Swamp:1  | Noticed a thorn hunter
 35858 | Swamp:1  | Killed a thorn hunter
 36262 | Swamp:1  | Noticed Jorgrun
 36276 | Swamp:1  | Killed Jorgrun
 36734 | Swamp:1  | Identified the +0 kite shield "Rupsiha" {Dex+5 Stlth+}
 37207 | Swamp:2  | Reached skill level 12 in Shields
 37207 | Swamp:2  | Reached XP level 17. HP: 120/120 MP: 24/24
 37491 | Swamp:2  | Identified the +1 flail "Loopy" {vamp, *Noise MP+9 Int+7}
 37506 | Swamp:2  | Reached skill level 13 in Shields
 37900 | Swamp:3  | Reached skill level 15 in Long Blades
 39367 | Swamp:4  | Entered Level 4 of the Swamp
 41369 | Swamp:4  | Noticed the 27-headed Lernaean hydra
 41887 | Spider:1 | Entered Level 1 of the Spider Nest
 41993 | Spider:1 | Reached XP level 18. HP: 129/130 MP: 25/25
 42201 | Spider:1 | Noticed Mlioglotl
 42208 | Spider:1 | Gained mutation: You do not regenerate when monsters are
                  | visible. [a neqoxec]
 42214 | Spider:1 | Killed Mlioglotl
 42215 | Spider:1 | Lost mutation: You are agile. (Dex +4, Str/Int -1) [potion
                  | of mutation]
 42215 | Spider:1 | Lost mutation: You are frail. (-10% HP) [potion of
                  | mutation]
 42215 | Spider:1 | Lost mutation: You do not regenerate when monsters are
                  | visible. [potion of mutation]
 42215 | Spider:1 | Gained mutation: You have an increased reservoir of magic.
                  | (+10% MP) [potion of mutation]
 42594 | Spider:1 | Reached skill level 5 in Hexes
 45103 | Spider:3 | Reached skill level 5 in Air Magic
 45432 | Spider:3 | Reached skill level 10 in Hexes
 46242 | Spider:4 | Entered Level 4 of the Spider Nest
 46640 | Spider:4 | Noticed Arachne
 46664 | Spider:4 | Killed Arachne
 47034 | Spider:3 | Reached XP level 19. HP: 159/159 MP: 32/32
 48366 | Spider:4 | Identified the +1 hat of Birdsong {rF+ Str+2 Stlth+}
 48372 | Spider:4 | Found the +3 pair of gauntlets of War {Slay+5}
 48399 | Spider:4 | Got a gossamer rune of Zot
 48841 | Elf:1    | Entered Level 1 of the Elven Halls
 49002 | Elf:1    | Identified the +10 rapier "Leacirr" {flame, rElec rF+ SInv}
 49029 | Elf:1    | Found Ucocalus's Armour Shoppe.
 49029 | Elf:1    | Found Tekitac's Book Emporium.
 49033 | Elf:1    | Found Quagem's Distillery.
 49041 | Elf:1    | Bought a potion of mutation for 136 gold pieces
 49041 | Elf:1    | Bought a potion of flight for 51 gold pieces
 49041 | Elf:1    | Bought a potion of curing for 51 gold pieces
 49041 | Elf:1    | Bought a potion of flight for 51 gold pieces
 49041 | Elf:1    | Bought a potion of heal wounds for 85 gold pieces
 49045 | Elf:1    | Bought the +0 cloak "Delasef" {-Tele Regen+ Str+4} for 232
                  | gold pieces
 49051 | Elf:1    | Found an ancient bone altar of Kikubaaqudgha.
 49141 | Abyss:3  | Found a corrupted altar of Lugonu.
 49141 | Abyss:3  | Cast into level 3 of the Abyss (a deep elf sorcerer)
 49209 | Abyss:4  | Found a corrupted altar of Lugonu.
 49436 | Elf:1    | Escaped the Abyss
 49533 | Elf:1    | Found Qiakleih's Assorted Antiques.
 49538 | Elf:1    | Bought a potion of curing for 93 gold pieces
 49613 | Elf:1    | Found Kikownih's Magic Scroll Shop.
 49621 | Elf:1    | Bought a scroll of silence for 114 gold pieces
 49621 | Elf:1    | Bought a scroll of fog for 48 gold pieces
 49621 | Elf:1    | Bought a scroll of fog for 48 gold pieces
 49621 | Elf:1    | Bought a scroll of silence for 114 gold pieces
 49621 | Elf:1    | Bought a scroll of magic mapping for 90 gold pieces
 49654 | Elf:1    | Found Waniej's Antique Armour Boutique.
 49712 | Elf:1    | Found Goelocycs's Antique Weapon Emporium.
 50159 | Elf:2    | Found Yrghieli's Armour Shoppe.
 50236 | Elf:1    | Reached XP level 20. HP: 157/166 MP: 33/33
 50444 | Elf:2    | Reached skill level 15 in Armour
 50454 | Elf:2    | Found a runed translucent gate.
 50455 | Elf:2    | Found a runed translucent gate.
 50455 | Elf:2    | Found a runed translucent gate.
 51762 | Elf:3    | Entered Level 3 of the Elven Halls
 51805 | Elf:3    | Noticed Mara
 51808 | Elf:3    | Noticed LordWeiramon's illusion
 51816 | Elf:3    | Killed Mara
 51865 | Elf:3    | Noticed Saint Roka
 51908 | Elf:3    | Killed Saint Roka
 52010 | Elf:3    | Found Uphamuen's Weapon Boutique.
 52186 | Elf:3    | Found a runed translucent gate.
 52186 | Elf:3    | Found a runed translucent gate.
 52190 | Elf:3    | Found a runed translucent gate.
 52192 | Elf:3    | Noticed Zeor's ghost (adept MiHu)
 53230 | Elf:3    | Identified the ring "Minim" {Ice rPois MP+9 Slay+3}
 53237 | Elf:3    | Identified the +8 chain mail "Zozeboim" {rF++ Str+4 Dex-4}
 53550 | Elf:3    | Identified the +1 halberd of Ozayreer {spect, rC+}
 53567 | Elf:3    | Reached XP level 21. HP: 119/167 MP: 6/31
 53697 | Elf:3    | Reached skill level 15 in Fighting
 53794 | Elf:3    | Found the ring of the Octopus King {rN+ HP+2 AC+2 EV+2
                  | SH+2}
 53799 | Elf:3    | Identified the ring "Emuihoin" {Str+5 Int+6}
 54121 | Elf:3    | Identified the +10 sling "Goblin's Demise" {heavy, rC-
                  | Str+7 Stlth+}
 54126 | Elf:3    | Identified Mier's Progressing With Witchcraft
 54154 | Elf:3    | Identified the Commentary on the Commander
 54156 | Elf:3    | Identified the +2 pair of gloves "Ahely" {Dex+3}
 54253 | Elf:3    | Identified the staff of earth "Kosil" {rElec rN+ Str+4
                  | Stlth+}
 54527 | Elf:3    | Killed Zeor's ghost
 54708 | D:12     | Killed monsoonserge's ghost
 54722 | D:12     | Killed SirLogeyBear's ghost
 54729 | D:12     | Killed Cheops's ghost
 54836 | Vaults:1 | Entered Level 1 of the Vaults
 54932 | Vaults:1 | Found Jucro's Armour Emporium.
 55362 | Swamp:4  | Killed the 27-headed Lernaean hydra
 55517 | Swamp:4  | Got a decaying rune of Zot
 56461 | Vaults:1 | Found a runed translucent gate.
 56461 | Vaults:1 | Found a runed translucent gate.
 56461 | Vaults:1 | Found a runed translucent gate.
 56461 | Vaults:1 | Noticed IHitMyHead's ghost (journeyman MiFi)
 56464 | Vaults:1 | Identified the +0 pair of gloves of the Spheres {Rampage
                  | +Blink Str-3 Dex-2}
 56466 | Vaults:1 | Identified the ring "Hoajon" {*Corrode rPois rF+ Str+3}
 57369 | Vaults:1 | Killed IHitMyHead's ghost
 57722 | Vaults:2 | Reached XP level 22. HP: 175/175 MP: 10/32
 57921 | Vaults:2 | Noticed Sojobo
 57948 | Vaults:2 | Killed Sojobo
 58303 | Vaults:2 | Noticed Margery
 58344 | Vaults:2 | Killed Margery
 58345 | Vaults:2 | Reached skill level 15 in Dodging
 58857 | Vaults:3 | Reached skill level 14 in Shields
 59286 | Vaults:3 | Reached skill level 15 in Shields
 59721 | Vaults:3 | Found a staircase to the Crypt.
 60475 | Vaults:4 | Reached skill level 10 in Throwing
 60486 | Vaults:4 | Reached XP level 23. HP: 172/181 MP: 7/33
 60838 | Vaults:4 | Identified the +0 ring mail "Hiatwy" {rN+ Int+8}
 61012 | Vaults:4 | Reached skill level 16 in Shields
 61122 | Vaults:4 | Noticed Aizul
 61132 | Vaults:4 | Killed Aizul
 61603 | Vaults:4 | Noticed Frederick
 61624 | Vaults:3 | Reached skill level 17 in Shields
 61641 | Vaults:4 | Killed Frederick
 61866 | Crypt:1  | Entered Level 1 of the Crypt
 62175 | Crypt:1  | Reached skill level 18 in Shields
 62779 | Crypt:1  | Noticed Xtahua
 62985 | Crypt:1  | Killed Xtahua
 63656 | Crypt:2  | Reached XP level 24. HP: 195/195 MP: 11/33
 63658 | Crypt:2  | Noticed Grunn
 63667 | Crypt:2  | Killed Grunn
 63747 | Crypt:2  | Identified the +5 great sword of Contradiction {heavy,
                  | rElec MP+9 Dex-2}
 63851 | Crypt:3  | Entered Level 3 of the Crypt
 64324 | Crypt:2  | Found an ancient bone altar of Kikubaaqudgha.
 64837 | Crypt:3  | Found a staircase to the Tomb.
 64963 | Crypt:3  | Found the +7 great mace "Undeadhunter" {deathbane, rN+}
 65128 | Crypt:3  | Identified Sif Muna's Treatise on Blasted Sidekicks
 65721 | Crypt:3  | Identified the +5 giant spiked club of Beogh's Supremacy
                  | {heavy, Int+5}
 66168 | Depths:1 | Entered Level 1 of the Depths
 66570 | Depths:1 | Found a gateway to Hell.
 66737 | Depths:1 | Reached XP level 25. HP: 198/210 MP: 11/33
 66860 | Depths:1 | Noticed Asterion
 66890 | Depths:1 | Killed Asterion
 67841 | Depths:2 | Found a one-way gate leading to the halls of Pandemonium.
 67896 | Depths:2 | Found a one-way gateway to a ziggurat.
 68140 | Depths:2 | Noticed Mennas
 68141 | Depths:2 | Found a glowing silver altar of Zin.
 68481 | Depths:2 | Killed Mennas
 68491 | Depths:2 | Found the +2 hood of the Assassin {Detect Stab+ Stlth++}
 68960 | Depths:3 | Reached skill level 19 in Shields
 69107 | Depths:3 | Identified Spellwork, and How To Use It
 69118 | Depths:3 | Found a one-way gate to the infinite horrors of the Abyss.
 69789 | Depths:4 | Entered Level 4 of the Depths
 69844 | Depths:4 | Reached skill level 20 in Shields
 69845 | Depths:4 | Noticed Jory
 69878 | Depths:4 | Killed Jory
 70015 | Depths:4 | Noticed a juggernaut
 70031 | Depths:4 | Killed a juggernaut
 70213 | Depths:4 | Noticed a caustic shrike
 70215 | Depths:4 | Noticed a caustic shrike
 70216 | Depths:4 | Noticed a caustic shrike
 70217 | Depths:4 | Noticed a caustic shrike
 70221 | Depths:4 | Killed a caustic shrike
 70222 | Depths:4 | Killed a caustic shrike
 70226 | Depths:4 | Killed a caustic shrike
 70227 | Depths:4 | Reached skill level 21 in Shields
 70233 | Depths:4 | Killed a caustic shrike
 70398 | Depths:4 | Reached XP level 26. HP: 218/218 MP: 11/33
 70458 | Depths:4 | Identified the +4 scale mail of Darkness {rN+ Str+5 Dex-5}
 70817 | Depths:4 | Reached skill level 22 in Shields
 71448 | Depths:4 | Found a gate to the Realm of Zot.
 71654 | Depths:4 | Reached skill level 23 in Shields
 72037 | Vaults:5 | Entered Level 5 of the Vaults
 72341 | Vaults:4 | Reached skill level 24 in Shields
 72852 | Vaults:5 | Noticed a dread lich
 72864 | Vaults:5 | Identified the +0 leather armour of Resilience {rF+}
 72883 | Vaults:5 | Killed a dread lich
 73044 | Vaults:5 | Reached skill level 25 in Shields
 73104 | Vaults:5 | Identified the +1 scale mail of the Morning Star {Str+4
                  | Dex-3}
 73168 | Vaults:5 | Identified the ring "Tejyl" {Wiz Int+7}
 73225 | Vaults:5 | Got a silver rune of Zot
 74069 | Vaults:5 | Identified the +12 arbalest of the Grinning Oracle {flame,
                  | rN+ Will- Str+2}
 74128 | Vaults:5 | Reached XP level 27. HP: 195/226 MP: 8/33
 74250 | Vaults:5 | Identified the +0 robe of the Uplifting Gods {+Blink rElec
                  | rN+}
 75253 | Zot:1    | Entered Level 1 of the Realm of Zot
 76076 | Zot:1    | Reached ****** piety under Ashenzari
 76348 | Zot:1    | Noticed an orb of fire
 76357 | Zot:1    | Killed an orb of fire
 76554 | Zot:1    | Reached skill level 26 in Shields
 77241 | Zot:1    | Reached skill level 27 in Shields
 78337 | Zot:2    | Noticed a Killer Klown
 78349 | Zot:2    | Killed a Killer Klown
 81104 | Zot:4    | Noticed an orb of fire
 81119 | Zot:4    | Killed an orb of fire
 81241 | Zot:4    | Noticed a Killer Klown
 81274 | Zot:4    | Killed a Killer Klown
 81593 | Zot:5    | Entered Level 5 of the Realm of Zot
 82152 | Zot:5    | Noticed an ancient lich
 82167 | Zot:5    | Killed an ancient lich
 82167 | Zot:5    | Noticed an ancient lich
 82176 | Zot:5    | Killed an ancient lich
 82182 | Zot:5    | Noticed an orb of fire
 82190 | Zot:5    | Gained mutation: You have hidden genetic defects. [an orb
                  | of fire]
 82204 | Zot:5    | Killed an orb of fire
 82204 | Zot:5    | Noticed an orb of fire
 82213 | Zot:5    | Killed an orb of fire
 82213 | Zot:5    | Noticed an ancient lich
 82217 | Zot:5    | Killed an ancient lich
 82220 | Zot:5    | Noticed an orb of fire
 82225 | Zot:5    | Gained mutation: You occasionally lose the ability to drink
                  | potions when taking damage. [an orb of fire]
 82226 | Zot:5    | Gained mutation: Your spells are a little easier to cast,
                  | but a little less powerful. [an orb of fire]
 82230 | Zot:5    | Killed an orb of fire
 82233 | Zot:5    | Lost mutation: You have an increased reservoir of magic.
                  | (+10% MP) [potion of mutation]
 82233 | Zot:5    | Lost mutation: You occasionally lose the ability to drink
                  | potions when taking damage. [potion of mutation]
 82233 | Zot:5    | Lost mutation: Your spells are a little easier to cast, but
                  | a little less powerful. [potion of mutation]
 82233 | Zot:5    | Gained mutation: You are covered in fur. (AC +1) [potion of
                  | mutation]
 82233 | Zot:5    | Gained mutation: Your magical capacity is low. (-10% MP)
                  | [potion of mutation]
 82233 | Zot:5    | Gained mutation: Potions are less effective at restoring
                  | your health. [potion of mutation]
 82233 | Zot:5    | Gained mutation: You are partially covered in iridescent
                  | scales. (AC +2) [potion of mutation]
 82234 | Zot:5    | Lost mutation: You are covered in fur. (AC +1) [potion of
                  | mutation]
 82234 | Zot:5    | Lost mutation: You have hidden genetic defects. [potion of
                  | mutation]
 82234 | Zot:5    | Gained mutation: Your movements are slightly less
                  | encumbered by armour. (ER -2) [potion of mutation]
 82234 | Zot:5    | Lost mutation: Potions are less effective at restoring your
                  | health. [potion of mutation]
 82234 | Zot:5    | Gained mutation: You possess an exceptional clarity of
                  | mind. [potion of mutation]
 82234 | Zot:5    | Gained mutation: Your flesh is cold resistant. (rC+)
                  | [potion of mutation]
 82288 | Zot:5    | Noticed a dread lich
 82294 | Zot:5    | Killed a dread lich
 82303 | Zot:5    | Noticed an orb of fire
 82312 | Zot:5    | Killed an orb of fire
 82316 | Zot:5    | Noticed an ancient lich
 82321 | Zot:5    | Killed an ancient lich
 82321 | Zot:5    | Noticed a Killer Klown
 82323 | Zot:5    | a Killer Klown changed into a titan
 82325 | Zot:5    | Noticed a Killer Klown
 82326 | Zot:5    | a Killer Klown changed into a fire giant
 82330 | Zot:5    | Noticed a dread lich
 82333 | Zot:5    | Killed a dread lich
 82350 | Zot:5    | Noticed a Killer Klown
 82356 | Zot:5    | Killed a Killer Klown
 82453 | Zot:5    | Noticed an ancient lich
 82459 | Zot:5    | Killed an ancient lich
 83257 | Zot:5    | Identified the staff of earth "Fucusy" {rC+}
 83562 | Zot:5    | Noticed a dread lich
 83571 | Zot:5    | Killed a dread lich
 83698 | Zot:5    | Noticed a Killer Klown
 83714 | Zot:5    | Killed a Killer Klown
 83893 | Zot:5    | Got the Orb of Zot
 84301 | D:9      | Noticed Uniexooty the pandemonium lord
 84438 | D:$      | Escaped with the Orb!

Illustrated notes

Levels and vault maps discovered:
D:1:      eino_arrival_druids_welcome, layout_basic,
          ebering_ecumenical_altar_ruins
D:2:      layout_loops_corners, basic_altar
D:3:      layout_basic, nicolae_sif_muna_little_library,
          grunt_gozag_breadcrumbs, mainiacjoe_overflow_catwalk_spiral,
          jmf_multi_god_temple, ebering_ghost_rock_garden, uniq_grinder,
          uniq_jessica, uniq_sigmund
D:4:      layout_loops_cross
D:5:      layout_rooms, makhleb_heckhound_becter, temple_fountains,
          dreamdust_gnoll_farm
D:6:      layout_loops_ring
D:7:      nzn_winding_woodlands_large [nzn_winding_woodlands_5x5_three,
          nzn_winding_woodlands_5x15_river_crossing,
          nzn_winding_woodlands_5x5_default,
          nzn_winding_woodlands_center_garden,
          nzn_winding_woodlands_15x15_killbox,
          nzn_winding_woodlands_center_pierced_h,
          nzn_winding_woodlands_5x5_perimeter, nzn_winding_woodlands_5x15_pool,
          nzn_winding_woodlands_5x5_checkerboard], layout_gridville,
          uniq_crazy_yiuf_cottage
D:8:      layout_loops_ring, pdpol_wu_jian_five_deadly_venoms,
          kennysheep_little_box, dpeg_oklobed_lair, gammafunk_ghost_cemetery,
          st_stairs_7
D:9:      layout_rooms, mainiacjoe_overflow_cross_hatched,
          fedhas_bush_and_centaur_altar, nicolae_shop_i_like_big_books,
          uniq_erica, uniq_joseph, uniq_pikel
D:10:     layout_basic, mainiacjoe_overflow_surrounded_room,
          lemuel_crystal_altar
D:11:     layout_loops_ring, orc_0_dummy, kennysheep_big_empty_room,
          okawaru_trees_1, uniq_urug
D:12:     layout_irregular_city, gammafunk_ghost_cemetery, uniq_snorg,
          uniq_kirke
D:13:     layout_rooms, david_vaults_5, hangedman_glass_teeth,
          kennysheep_small_circle, uniq_azrael
D:14:     layout_basic, chequers_serial_rivers_small_a, gauntlet_entry_generic,
          moated_statue, abandoned_shop, hangedman_batty
D:15:     grunt_enter_depths_snipers, layout_basic
Temple:   hellmonk_temple_forest_ring
Lair:1:   layout_gridlike, lemuel_fruit_tree, grunt_megastairs_4,
          lemuel_fruit_fields
Lair:2:   regret_index_tunnel_blossom, layout_regular_city,
          skrybe_swamp_entry_bodies, spider_nest_entry_webs, uniq_sonja
Lair:3:   layout_layer_cave, st_stairs_13, uniq_gastronok
Lair:4:   layout_hall_layers, minmay_slime_entry_pillars
Lair:5:   hangedman_lair_tendril_chambers, layout_regular_city,
          guppyfry_lair_drakes
Swamp:1:  layout_basic_swamp, evilmike_swamp_ruin_house_2, uniq_jorgrun
Swamp:2:  layout_basic_swamp, evilmike_swamp_ruin_house_5, swamp_pool5
Swamp:3:  layout_basic_swamp, evilmike_swamp_ruin_house_4,
          nicolae_swamp_soggy_hallways
Swamp:4:  swamp_old_school, layout_basic_swamp, swamp_pool2,
          nicolae_swamp_big_swirl
Spider:1: layout_spider_delve, uniq_mlioglotl
Spider:2: nicolae_spider_mines_2
Spider:3: layout_chambers, nicolae_spider_bzzzt
Spider:4: grunt_spider_rune_parallel, uniq_arachne
Orc:1:    layout_caves
Orc:2:    st_orc_mages, layout_diamond_mine, basic_altar, nicolae_shop_clearance
Elf:1:    elf_arrival_001, layout_geoelf_diagonals, basic_altar, serial_shops,
          nicolae_shop_crystal, shop, shop, shop, minivault_28, minmay_shop_star
Elf:2:    nicolae_elf_blades_crystal_corner, layout_geoelf_octagon,
          serial_shops, nicolae_shop_getting_attention
Elf:3:    minmay_elf_hall_not_hex, layout_geoelf_castle, serial_shops,
          nicolae_shop_stone, ebering_ghost_rock_garden, lemuel_flame_loot_1,
          uniq_saint_roka, uniq_mara
Vaults:1: biasface_ghost_orc_armoury, nicolae_vaults_trapezoid_4,
          v_alt_pattern_1, nicolae_vaults_trapezoid_2, ontoclasm_vaults_chip,
          nicolae_vaults_heart-shaped_vault, nicolae_vaults_sesquioval_fish,
          nicolae_vaults_house_3, vaults_mumra_hexcomb, hangedman_vaults_snaps,
          nicolae_vaults_little_squares_5, nicolae_vaults_little_squares_1,
          nicolae_vaults_surprise_closet, layout_vaults_chaotic_city,
          serial_shops, shop
Vaults:2: ontoclasm_vaults_decontamination, nicolae_vaults_surprise_closet,
          v_misc_25, ontoclasm_vaults_misaligned, nicolae_vaults_circle_grid_b,
          hangedman_vaults_river_flow, nicolae_vaults_storage_room_statues,
          nicolae_vaults_closet_pinwheel_5, nicolae_vaults_little_squares_2,
          nicolae_vaults_asterisk, hangedman_vaults_unwind, v_misc_27,
          nicolae_vaults_security_offices_4, nicolae_vaults_angled_halls,
          nicolae_vaults_double_plus_3, hangedman_vaults_slice,
          vaults_dpeg_emergency_exit, v_alt_pattern_1,
          layout_vaults_maze_snakey, uniq_margery, uniq_sojobo
Vaults:3: minmay_crypt_entry_simple_statues, nicolae_vaults_puzzle_piece,
          grunt_vaults_focal, ontoclasm_vaults_shout, nicolae_vaults_big_ls,
          nicolae_vaults_diamond_1, nicolae_vaults_closet_pinwheel_1, v_misc_5,
          vaults_room_semicircle, v_misc_29, layout_vaults_quadrants
Vaults:4: nicolae_vaults_storage_room_doors, vaults_dpeg_doors, v_pattern_2,
          nicolae_vaults_network_barrier, v_misc_9, hangedman_vaults_capsules,
          nicolae_vaults_halls_meeting, nicolae_vaults_circle_grid_a,
          nicolae_vaults_little_squares_1, nicolae_vaults_stairing_the_circle,
          nicolae_vaults_mitosis, vaults_dpeg_cross,
          nicolae_vaults_shelves_hall, nicolae_vaults_rhombus_6,
          vaults_room_pools, layout_vaults_omnibox, uniq_frederick, uniq_aizul
Vaults:5: serial_shops
Crypt:1:  layout_gridlike, grunt_crypt_arrival_guarded_gate, uniq_xtahua
Crypt:2:  layout_rooms, st_stairs_13, lemuel_upstairs_altar, uniq_grunn
Crypt:3:  due_elkab, layout_chaotic_city, skrybe_necro_troll_2
Depths:1: layout_cave_pools, hell_entry, hangedman_abyss_or_decor_passed,
          minmay_misc_feat_ornament, nrook_kobold_shadow_demons, uniq_asterion
Depths:2: evilmike_silver_temple, layout_cave_shapes, enter_ziggurat_e,
          hell_entry, rand_demon_pan_entry_9, amcnicky_mini_corridor_feature,
          nicolae_lava_and_water, corner_web_ring, chequers_big_river,
          st_stairs_11, dreamdust_wishing_well, infiniplex_staircase_zigzag_4
Depths:3: minmay_cut_squares, layout_small_grid, abyss_entry, hell_entry,
          minmay_misc_feat_nine_boxes, minmay_staircase_statues
Depths:4: grunt_zot_entry_gee_three, layout_basic, grunt_hell_entry_dis_old,
          serial_bayou_lagoon_a, uniq_jory
Zot:1:    lemuel_acid_trip, layout_cathedral_of_symmetry
Zot:2:    layout_basic, grunt_ministairs_10
Zot:3:    layout_onion_interference, grunt_megastairs_2, lemuel_elevator
Zot:4:    layout_basic, zot_minivault_5
Zot:5:    layout_basic, st_stairs_10

Skill      XL: |  1  2  3  4  5  6  7  8  9 10 11 12 13 14 15 16 17 18 19 20 21 22 23 24 25 26 27 |
---------------+----------------------------------------------------------------------------------+-----
Transmutations | 2 3 |  3.2
Poison Magic   | 5 |  5.0
Spellcasting   | 3 4 5 |  5.0
Fighting       | 2 4 5 6 7 10 12 13 14 15 17 20 25 | 25.0
Long Blades    | 2 5 6 8 10 13 14 17 18 20 22 | 22.9
Dodging        | 4 8 10 11 12 13 15 16 | 16.9
Evocations     | 4 7 |  7.3
Shields        | 4 9 11 12 13 15 18 21 25 27 | 27.0
Throwing       | 5 8 10 11 | 11.0
Armour         | 3 4 9 10 12 14 16 17 19 20 | 20.8
Conjurations   | 2 |  2.0
Air Magic      | 1 2 3 6 7 |  7.0
Hexes          | 2 4 11 13 | 13.4
Stealth        | |  2.4

Action                     |  1- 3 |  4- 6 |  7- 9 | 10-12 | 13-15 | 16-18 | 19-21 | 22-24 | 25-27 || total
---------------------------+-------+-------+-------+-------+-------+-------+-------+-------+-------++-------
  Melee: Dagger            |     1 |     9 |       |       |       |       |       |       |       ||    10
         Unarmed           |       |     1 |       |       |       |       |       |       |       ||     1
         Falchion          |       |       |   204 |       |       |       |       |       |       ||   204
         Punch             |       |       |     1 |       |       |       |       |       |       ||     1
         Long sword        |       |       |       |   172 |       |       |       |       |       ||   172
         Scimitar          |       |       |       |   331 |  1264 |   973 |       |       |       ||  2568
         Great sword       |       |       |       |       |       |   486 |   662 |       |       ||  1148
         Triple sword      |       |       |       |       |       |       |   584 |  1551 |  2636 ||  4771
  Throw: Dart              |     3 |     3 |     1 |     2 |     1 |   128 |    88 |    15 |    54 ||   295
         Javelin           |       |       |    12 |    27 |    31 |   129 |    14 |    26 |     5 ||   244
         Throwing net      |       |       |       |     1 |     2 |       |       |       |       ||     3
   Cast: Sting             |    81 |    60 |    71 |    26 |    10 |       |       |       |       ||   248
         Poisonous Vapours |       |    21 |    63 |   158 |   147 |     3 |       |       |       ||   392
         Mephitic Cloud    |       |       |     1 |    10 |    20 |     4 |       |       |       ||    35
         Silence           |       |       |       |       |     2 |       |    31 |    19 |    19 ||    71
 Invoke: Curse Item        |       |       |     3 |     4 |     3 |     6 |     3 |     1 |     3 ||    23
         Shatter the Chain |       |       |       |     1 |     3 |     4 |     4 |       |     2 ||    14
Ability: Shaft Self        |       |       |     1 |       |       |       |       |       |       ||     1
         Dig               |       |       |     2 |     1 |     1 |     3 |     2 |       |     8 ||    17
  Evoke: Wand              |       |       |     9 |    13 |     4 |    63 |     2 |     4 |     8 ||   103
         Lightning rod     |       |       |       |       |     5 |       |       |     3 |       ||     8
         Box of beasts     |       |       |       |       |     2 |     2 |       |     1 |       ||     5
         Phial of floods   |       |       |       |       |       |     1 |     1 |       |       ||     2
         Phantom mirror    |       |       |       |       |       |       |     1 |     1 |       ||     2
    Use: Scroll            |     3 |     3 |     8 |       |     3 |     7 |    10 |     5 |     5 ||    44
         Potion            |       |     4 |     3 |       |     6 |     7 |     2 |     1 |    20 ||    43
   Stab: Sleeping          |       |       |     2 |     9 |    13 |    12 |     9 |    19 |     7 ||    71
         Distracted        |       |       |     1 |       |     3 |     5 |     1 |     4 |     6 ||    20
         Confused          |       |       |       |     2 |    35 |    13 |       |       |       ||    50
         Invisible         |       |       |       |       |    17 |       |       |       |       ||    17
         Held in net/web   |       |       |       |       |     6 |       |     1 |       |       ||     7
         Betrayed ally     |       |       |       |       |       |     2 |       |       |       ||     2
 Armour: Robe              |     3 |     5 |    72 |    65 |   118 |     4 |       |       |       ||   267
         Skin              |       |    26 |       |       |       |       |       |       |       ||    26
         Fire dragon scale |       |       |       |       |       |   247 |   224 |   299 |   408 ||  1178
  Dodge: Dodged            |    12 |    17 |   111 |   276 |   533 |   657 |   422 |   604 |   809 ||  3441
  Block: Buckler           |       |       |    17 |   116 |   576 |   345 |       |       |       ||  1054
         Reflection        |       |       |       |       |    15 |    20 |    47 |    39 |    50 ||   171
         Kite shield       |       |       |       |       |       |   787 |   843 |  1361 |  1325 ||  4316
         Tower shield      |       |       |       |       |       |       |       |       |  1004 ||  1004
